 Dungeon Crawl Stone Soup version 0.32-a0-607-g64ea0e4219 (webtiles) character file.

Game seed: 11531959741455536504

2895 Strat the Thaumaturge (level 9, -3/94 HPs)
             Began as an Oni Hedge Wizard on Mar 3, 2024.
             Was an Initiate of Beogh.
             Slain by a cyclops (14 damage)
             ... on level 8 of the Dungeon on Mar 4, 2024.
             The game lasted 00:35:16 (12703 turns).

Strat the Thaumaturge (Oni Hedge Wizard)           Turns: 12703, Time: 00:35:17

Health: -3/94      AC:  5    Str: 16    XL:     9   Next: 77%
Magic:  26/32      EV:  9    Int: 19    God:    Beogh [......]
Gold:   389        SH:  0    Dex:  8    Spells: 17/28 levels left

rFire   . . .        a - +0 flail
rCold   . . .        (no shield)
rNeg    . . .        b - +0 robe
rPois   +            c - +1 hat
rElec   .            t - +0 cloak
rCorr   .            (gloves unavailable)
SInv    .            (boots unavailable)
Will    .....        (no amulet)
Stlth   +            i - ring of magical power
HPRegen 0.35/turn    k - ring of poison resistance
MPRegen 0.23/turn

%: no passive effects
@: no status effects
A: large, unfitting armour, horns 1, tough skin 1, double potion healing,
drunken brawling
a: Renounce Religion


You were on level 8 of the Dungeon.
You worshipped Beogh.
Beogh was noncommittal.
You visited 2 branches of the dungeon, and saw 9 of its levels.

You collected 389 gold pieces.

Inventory:

Hand Weapons
 a - a +0 flail (weapon)
 h - a +0 short sword
 q - a +0 dagger
 v - a +0 dagger
 C - a +1 vampiric whip
Missiles
 w - 22 poisoned darts
 y - 3 curare-tipped darts (quivered)
Armour
 b - a +0 robe (worn)
 c - a +1 hat (worn)
 t - a +0 cloak (worn)
Magical Staves
 u - a staff of alchemy
Jewellery
 i - a ring of magical power (left hand)
 k - a ring of poison resistance (right hand)
 m - a ring of protection from fire
 n - a +6 ring of dexterity
 x - a +6 ring of intelligence
Scrolls
 e - 2 scrolls of torment
 g - a scroll of noise {unknown}
 j - a scroll of enchant armour
 l - 2 scrolls of fog
 o - a scroll of identify
 p - 2 scrolls of teleportation
 s - 2 scrolls of silence
 B - a scroll of fear {unknown}
Potions
 d - a potion of magic
 f - 2 potions of enlightenment
 r - a potion of lignification
 z - a potion of mutation
 A - a potion of ambrosia {unknown}


   Skills:
 + Level 7.7 Fighting
 + Level 7.4 Maces & Flails
 - Level 1.7 Dodging
 - Level 1.4 Stealth
 + Level 10.3 Spellcasting
 - Level 0.8 Conjurations
 - Level 2.0 Summonings
 - Level 0.8 Translocations


You had 17 spell levels left.
You knew the following spells:

 Your Spells              Type           Power      Damage    Failure   Level
a - Magic Dart            Conj           52%        1d5       4%          1
b - Blink                 Tloc           26%        N/A       8%          2
c - Call Imp              Summ           34%        N/A       4%          2
d - Mephitic Cloud        Conj/Alch/Air  10%        N/A       19%         3
e - Stone Arrow           Conj/Erth      22%        3d8       19%         3

Your spell library contained the following spells:

 Spells                   Type           Power      Damage    Failure   Level
 Necrotise                Necr           36%        1d5       8%          1
 Slow                     Hex            36%        N/A       8%          1
 Cigotuvi's Dreadful Rot  Necr/Alch/Air  18%        N/A       11%         2
 Dazzling Flash           Conj/Hex       22%        N/A       19%         3
 Sigil of Binding         Hex            9%         N/A       22%         3
 Vampiric Draining        Necr           9%         2d6       22%         3
 Animate Armour           Summ/Erth      26%        N/A       43%         4
 Martyr's Knell           Necr/Summ      13%        N/A       43%         4
 Manifold Assault         Tloc           13%        N/A       45%         4
 Vhi's Electric Charge    Tloc/Air       22%        N/A       52%         4
 Leda's Liquefaction      Alch/Erth      4%         N/A       58%         4
 Curse of Agony           Necr           9%         N/A       90%         5
 Metabolic Englaciation   Hex/Ice        4%         N/A       90%         5
 Silence                  Hex/Air        4%         N/A       90%         5
 Spellforged Servitor     Conj/Summ      7%         N/A       100%        7
 Lehudib's Crystal Spear  Conj/Erth      5%         10d3      100%        8


Dungeon Overview and Level Annotations

Branches:
Dungeon (8/15)             Temple (1/1) D:4
   Lair: D:8-11

Altars:
Ashenzari
Cheibriados
Dithmenos
Elyvilon
Fedhas
Gozag
Hepliaklqana
Makhleb
Nemelex Xobeh
Qazlal
Sif Muna
Trog
Vehumet
Wu Jian

Annotations:
D:6 Duvessa, Sigmund
D:8 Joseph


Innate Abilities, Weirdness & Mutations

You are too large for most types of armour.
You have a pair of small horns on your head.
You have tough skin. (AC +1)
You gain doubled healing and magic from potions.
Whenever you drink a healing potion, you attack all around you.


Message History

Unknown command.
You hit the cyclops.
The cyclops is moderately wounded.
The cyclops closely misses you.
You hit the cyclops but do no damage.
The cyclops is moderately wounded.
The cyclops hits you.
* * * LOW HITPOINT WARNING * * *
Casting: Mephitic Cloud (dangerous; 19% risk of failure)
Confirm with . or Enter, or press ? or * to list all spells.
Aiming: Stone Arrow (dangerous; 19% risk of failure)
Press: ? - help, Shift-Dir - straight line, f/p - cyclops
Aim: a cyclops, quivering large rocks (moderately wounded, 97% to hit)
The stone arrow hits the cyclops.
The cyclops is heavily wounded.
Unknown command.
Casting: Stone Arrow (dangerous; 19% risk of failure)
Confirm with . or Enter, or press ? or * to list all spells.
Aiming: Mephitic Cloud (dangerous; 19% risk of failure)
Press: ? - help, Shift-Dir - straight line, f/p - cyclops
Aim: a cyclops, quivering large rocks (heavily wounded, chance to affect: 58%)
The ball explodes into a vile cloud!
The stinking cloud engulfs the cyclops.
The cyclops is heavily wounded.
The stinking cloud engulfs you.
You hear an angry buzzing noise.
The cyclops is engulfed in noxious fumes.
The cyclops barely misses you.
You hit the cyclops.
The cyclops is heavily wounded.
The cyclops is engulfed in noxious fumes.
The cyclops appears confused.
The cyclops hits you!!
* * * LOW HITPOINT WARNING * * *
Unknown command.
You hit the cyclops but do no damage.
The cyclops is heavily wounded.
You completely miss the cyclops. You headbutt the cyclops.
The cyclops is severely wounded.
The cyclops is engulfed in noxious fumes.
The cyclops hits you!
You die...

### #.....†. ..g
..# ####.##. ..g
#.###....##. ..
#.##.....5.. ..
######....###y###
#.
#........##.C...#
#.
#§####..##.#####.
#.######C# #.##[
## #......@.#
#.#. # ########○#
#.## ##.####..#
##.....>.#
#..###.#.#. #
##..###.####. ##
##..##..#..#
#.#####.
#..##.##.##.#
#.....#
#.##..##.#
.###.....


You could see a cyclops (confused).

Vanquished Creatures
  Prince Ribbit (D:7)
  Eustachio (D:6)
  An orc warrior (D:7)
  2 water moccasins (D:8)
  An ice beast (D:4)
  3 ogres
  3 bullfrogs
  A scorpion (D:7)
  Dowan (D:6)
  A killer bee (D:8)
  A howler monkey (D:7)
  A jelly (D:5)
  2 bombardier beetles
  A hound (D:5)
  2 orc priests
  A sleepcap (D:5)
  5 iguanas
  A gnoll bouda (D:5)
  6 orc wizards
  10 gnolls
  3 adders
  2 white imps (D:6)
  4 ufetubi (D:6)
  2 dart slugs
  3 ribbon worms
  15 orcs
  7 endoplasms
  4 giant cockroaches
  7 goblins
  5 hobgoblins
  8 kobolds
  3 quokkas
  7 ball pythons
  9 bats
  3 frilled lizards
  13 rats
140 creatures vanquished.

Vanquished Creatures (collateral kills)
  Menkaure (D:6)
  A centaur (D:6)
  A phantom (D:6)
  A kobold brigand (D:8)
  A gnoll sergeant (D:7)
  2 hounds
  3 jellies
  A bombardier beetle (D:3)
  An orc priest (D:6)
  3 orc wizards
  2 gnolls
  An adder (D:4)
  2 ufetubi
  A ribbon worm (D:3)
  A dart slug (D:1)
  9 orcs
  A goblin (D:1)
  A ball python (D:4)
33 creatures vanquished.

Vanquished Creatures (others)
  An orc wizard (D:5)
  An orc (D:8)
2 creatures vanquished.

Grand Total: 175 creatures vanquished

Notes
Turn   | Place    | Note
-------+----------+-------------------------------------------
     0 | D:1      | Strat the Oni Hedge Wizard began the quest for the Orb.
     0 | D:1      | Reached XP level 1. HP: 16/16 MP: 5/5
   267 | D:1      | Reached skill level 1 in Fighting
   338 | D:1      | You fall into a shaft and drop 1 floor!
   346 | D:2      | Reached XP level 2. HP: 27/27 MP: 2/6
   370 | D:2      | Reached skill level 4 in Spellcasting
   667 | D:2      | Reached XP level 3. HP: 26/35 MP: 8/8
   806 | D:2      | Learned a level 2 spell: Blink
   809 | D:2      | Learned a level 2 spell: Call Imp
   813 | D:2      | Learned a level 3 spell: Mephitic Cloud
  1396 | D:1      | Reached XP level 4. HP: 45/45 MP: 10/10
  1482 | D:1      | Reached skill level 1 in Summonings
  2073 | D:3      | Found an ornate altar of the Wu Jian Council.
  2524 | D:3      | Reached skill level 5 in Spellcasting
  2524 | D:3      | Reached XP level 5. HP: 47/54 MP: 12/12
  2806 | D:3      | Reached XP level 6. HP: 58/63 MP: 14/14
  3211 | D:4      | Reached skill level 5 in Fighting
  3289 | D:4      | Found a staircase to the Ecumenical Temple.
  3304 | Temple   | Entered the Ecumenical Temple
  3600 | D:4      | Noticed an ice beast
  3679 | D:4      | Killed an ice beast
  3680 | D:4      | Reached skill level 6 in Spellcasting
  4059 | D:5      | Entered Level 5 of the Dungeon
  4096 | D:4      | Reached XP level 7. HP: 47/75 MP: 16/16
  4983 | D:5      | Reached skill level 7 in Spellcasting
  5842 | D:5      | Became a worshipper of Beogh the Shepherd
  5963 | D:6      | Noticed Eustachio
  6792 | D:5      | Reached skill level 1 in Maces & Flails
  6792 | D:5      | Reached XP level 8. HP: 63/87 MP: 19/19
  6799 | D:5      | Reached skill level 8 in Spellcasting
  6957 | D:6      | Got the Anthology of the Massed Wayfarer
  7030 | D:6      | Noticed Duvessa
  7302 | D:6      | Noticed Menkaure
  7901 | D:6      | Noticed Sigmund
  8312 | D:6      | Killed Eustachio
  8313 | D:6      | Reached skill level 9 in Spellcasting
  8681 | D:6      | Killed Menkaure
  8705 | D:6      | Noticed Dowan
  9252 | D:7      | Reached XP level 9. HP: 64/93 MP: 22/22
  9388 | D:7      | Reached skill level 10 in Spellcasting
  9398 | D:7      | Reached * piety under Beogh
  9927 | D:6      | Killed Dowan
  9928 | D:6      | Reached skill level 5 in Maces & Flails
 10112 | D:7      | Got the Cyclopedia of Jinxed Quicksand
 10583 | D:7      | Found a bloodstained altar of Trog.
 10761 | D:7      | Noticed Prince Ribbit
 10786 | D:7      | Killed Prince Ribbit
 11075 | D:7      | Found a snail-covered altar of Cheibriados.
 11379 | D:8      | Noticed a cyclops
 11599 | D:8      | Learned a level 3 spell: Stone Arrow
 11644 | D:8      | HP: 4/93 [killer bee (7)]
 11891 | D:8      | Noticed Joseph
 12447 | D:8      | Noticed a tengu warrior
 12703 | D:8      | Slain by a cyclops

Illustrated notes

Levels and vault maps discovered:
D:1:      amcnicky_arrival_underground_garden, layout_loops_cross, st_stairs_11,
          minmay_misc_feat_room, minmay_3d_cube
D:2:      layout_rooms, kennysheep_cluttered_room, minmay_rat_gold_closets
D:3:      layout_rooms, nicolae_wu_jian_wuxing_cycle
D:4:      layout_loops_ring, minmay_temple_entry_drinking_statues
D:5:      layout_layer_cave
D:6:      layout_rooms, uniq_eustachio, uniq_duvessa, uniq_sigmund,
          uniq_menkaure
D:7:      layout_gridville, trog_antimagical, lemuel_doored_altar,
          minmay_misc_feat_chi, uniq_prince_ribbit1
D:8:      minmay_the_grid_octo_triangle [minmay_the_grid_octo_concentric,
          minmay_the_grid_octo_prize_single_spiral,
          minmay_the_grid_octo_checkerflower], layout_loops_ring, uniq_joseph
Temple:   minmay_temple_curvy_loop

Skill      XL: |  1  2  3  4  5  6  7  8  9 |
---------------+----------------------------+-----
Fighting       | 1 2 3 4 6 7 |  7.7
Spellcasting   | 4 5 6 7 9 10 | 10.3
Summonings     | 1 2 |  2.0
Maces & Flails | 1 3 7 |  7.4
Dodging        | |  1.7
Stealth        | |  1.4
Conjurations   | |  0.8
Translocations | |  0.8

Action                     |  1- 3 |  4- 6 |  7- 9 || total
---------------------------+-------+-------+-------++-------
  Melee: Dagger            |     1 |       |       ||     1
         Short sword       |    72 |    91 |       ||   163
         Headbutt          |    15 |    28 |    63 ||   106
         Flail             |       |    89 |   309 ||   398
  Throw: Dart              |       |       |    11 ||    11
   Cast: Magic Dart        |    41 |    38 |    50 ||   129
         Call Imp          |     2 |    20 |    74 ||    96
         Blink             |     2 |       |     1 ||     3
         Mephitic Cloud    |       |       |     3 ||     3
         Stone Arrow       |       |       |     5 ||     5
 Invoke: Convert to Beogh  |       |       |     1 ||     1
    Use: Potion            |       |     4 |     8 ||    12
         Scroll            |       |     1 |    12 ||    13
   Stab: Sleeping          |     6 |     1 |     1 ||     8
         Confused          |       |       |     1 ||     1
         Distracted        |       |       |     1 ||     1
 Armour: Robe              |    49 |   250 |   492 ||   791
  Dodge: Dodged            |    50 |   134 |   223 ||   407

Table legend: (Time is in decaauts)
 A = Elapsed time spent in this place.
 B = Non-inter-level travel time spent in this place.
 C = Inter-level travel time spent in this place.
 D = Time resting spent in this place.
 E = Time spent auto-exploring this place.
 F = Levels seen in this place.
 G = Mean time per level.
                   A        B        C        D        E       F      G
               +--------+--------+--------+--------+--------+-----+--------+
         Total |  12830 |  11778 |   1052 |   4002 |   4646 |   9 | 1425.6 |
       Dungeon |  12811 |  11759 |   1052 |   4002 |   4633 |   8 | 1601.4 |
        Temple |     19 |     19 |      0 |      0 |     13 |   1 |   19.0 |
               +--------+--------+--------+--------+--------+-----+--------+

Top non-repeatable levels by time:
     D:5: 3013 daAuts
     D:7: 2038 daAuts
     D:4: 1770 daAuts
     D:8: 1395 daAuts
     D:2: 1323 daAuts
     D:6: 1303 daAuts
     D:1: 1022 daAuts
     D:3: 944 daAuts
  Temple: 19 daAuts
